 Dungeon Crawl Stone Soup version 0.16-b1 (webtiles) character file.

211 toofou the Slasher (level 5, -4/47 HPs)
             Began as a Minotaur Berserker on Mar 3, 2015.
             Was a Priest of Trog.
             Slain by a mummy (11 damage)
             ... in an ossuary on Mar 7, 2015.
             The game lasted 00:10:51 (3000 turns).

toofou the Slasher (Minotaur Berserker)             Turns: 3000, Time: 00:10:51

Health: -4/47      AC:  7    Str: 22    XL:     5   Next: 57%
Magic:  2/2        EV: 11    Int:  4    God:    Trog [***...]
Gold:   146        SH:  0    Dex: 10    Spells: 0 memorised, 4 levels left

rFire  . . .     SeeInvis .     a - +0 falchion (curse)
rCold  . . .     Clarity  .     k - +0 scale mail (curse)
rNeg   . . .     SustAb   .     (no shield)
rPois  +         Gourm    .     (helmet restricted)
rElec  .         Spirit   .     (no cloak)
rCorr  .         Warding  .     (no gloves)
rMut   .         Stasis   .     (no boots)
MR     .....                    (no amulet)
Stlth  ..........               w - ring of poison resistance (curse)
                                r - ring of poison resistance

@: marked, not resistant to hostile enchantments, extremely unstealthy
A: retaliatory headbutt, horns 2
a: Burn Spellbooks, Berserk, Trog's Hand, Renounce Religion


You were in an ossuary.
You worshipped Trog.
Trog was most pleased with you.
You were not hungry.

You visited 1 branch of the dungeon, and saw 4 of its levels.
You also visited: Ossuary.

You collected 146 gold pieces.

Inventory:

Hand weapons
 a - a cursed +0 falchion (weapon)
 g - a +0 mace
Armour
 b - a +0 animal skin
 k - a cursed +0 scale mail (worn)
Jewellery
 r - a ring of poison resistance (left hand)
 w - a cursed ring of poison resistance (right hand)
 C - a cursed +5 ring of slaying {unknown}
Scrolls
 e - 3 scrolls of identify
 f - 3 scrolls of remove curse
 h - 4 scrolls of teleportation
 i - a scroll of recharging {unknown}
 n - a scroll of amnesia {unknown}
 q - 3 scrolls of enchant armour
 x - 2 scrolls of fog {unknown}
 y - a scroll of magic mapping {unknown}
Potions
 d - a potion of heal wounds {unknown}
 j - 3 potions of curing
 l - a potion of beneficial mutation {unknown}
 m - a potion of restore abilities {unknown}
 o - 2 potions of brilliance
 p - a potion of might {unknown}
 s - a potion of haste
 u - a potion of mutation {unknown}
 v - a potion of invisibility {unknown}
 z - a potion of flight {unknown}
 B - a potion of agility {unknown}
Comestibles
 c - 3 bread rations
 t - a slice of pizza
 A - 2 fruits


   Skills:
 + Level 4.6 Fighting
 + Level 5.1 Long Blades
 + Level 4.2 Armour
 + Level 3.7 Dodging


You had 4 spell levels left.
You didn't know any spells.

Dungeon Overview and Level Annotations

Branches:
Dungeon (4/15)
 Temple: D:4-7

Altars:
Nemelex Xobeh
Yredelemnul


Innate Abilities, Weirdness & Mutations

You reflexively headbutt those who attack you in melee.
You have a pair of horns on your head.


Message History

You completely miss the mummy. The mummy closely misses you.
The mummy hits you but does no damage.
You completely miss the mummy. You headbutt the mummy.
The mummy is moderately damaged.
The mummy misses you. The mummy hits you!
You barely miss the mummy.
The mummy is moderately damaged.
The mummy barely misses you.
You hit the mummy.
The mummy is heavily damaged.
The mummy hits you. x2
The mummy hits you!
* * * LOW HITPOINT WARNING * * *
You hit the mummy but do no damage. You headbutt the mummy!
The mummy is almost destroyed.
The mummy closely misses you.
You barely miss the mummy. Your headbutt misses the mummy.
The mummy is almost destroyed.
The mummy hits you!
You die...

###### # #M@!?###
#+#+#+#+#+#+#+#MM....#
^.^....^......^......##
^..^.^..^.^...........#
...^.....^^...........∩#
........^......^......#
............^........##
#+#+#+#+#+#+#+#......# #
#??!!###


You could see 3 mummies.

Vanquished Creatures
  An orc priest (D:3)
  An orc wizard (D:3)
  4 mummies
  4 adders
  A giant mite (D:3)
  A worm (D:2)
  An ooze (D:2)
  3 orcs (D:3)
  3 giant cockroaches
  10 goblins
  6 hobgoblins
  3 jackals (D:1)
  4 kobolds
  A ball python (D:3)
  4 bats
  2 giant geckos
  6 giant newts
  A quokka (D:2)
  4 rats
  A spectral orc (D:2)
61 creatures vanquished.

Notes
Turn   | Place    | Note
--------------------------------------------------------------
     0 | D:1      | toofou, the Minotaur Berserker, began the quest for the Orb.
     0 | D:1      | Reached XP level 1. HP: 19/19 MP: 1/1
   358 | D:1      | You fall through a shaft!
   472 | D:2      | Reached XP level 2. HP: 22/27 MP: 1/1
   768 | D:1      | Reached skill level 4 in Long Blades
   807 | D:1      | Acquired Trog's second power
  1258 | D:2      | Found a sparkling altar of Nemelex Xobeh.
  1344 | D:2      | Reached XP level 3. HP: 33/33 MP: 2/2
  1754 | D:2      | Found a basalt altar of Yredelemnul.
  1991 | D:3      | Reached XP level 4. HP: 33/40 MP: 2/2
  2466 | D:3      | Reached skill level 5 in Long Blades
  2466 | D:3      | Reached XP level 5. HP: 24/47 MP: 2/2
  2713 | D:4      | Found a sand-covered staircase.
  2722 | Ossuary  | Entered an ossuary
  3000 | Ossuary  | Slain by a mummy

Action                   |  1- 3 |  4- 6 || total
-------------------------+-------+-------++-------
Melee: Falchion          |    99 |    70 ||   169
  Use: Scroll            |       |     6 ||     6
  Eat: Bread ration      |     1 |     1 ||     2
